 Dungeon Crawl Stone Soup version 0.29.0-4-gdea44cf6ec (webtiles) character file.

Game seed: 8544588190518268328

25 qw the Chopper (level 3, -1/23 HPs)
             Began as a Gargoyle Berserker on Sept 8, 2022.
             Was a Follower of Trog.
             Slain by a wight
             ... wielding a +0 battleaxe
              (15 damage)
             ... on level 4 of the Dungeon.
             The game lasted 00:00:20 (1286 turns).

qw the Chopper (Gargoyle Berserker)                 Turns: 1286, Time: 00:00:21

Health: -1/23      AC:  5    Str: 22    XL:     3   Next: 4%
Magic:  3/3        EV: 11    Int:  7    God:    Trog [*.....]
Gold:   79         SH:  0    Dex:  9    Spells: 2/2 levels left

rFire   . . .      SeeInvis .   a - +0 hand axe
rCold   . . .      Faith    .   (no shield)
rNeg    + . .      Spirit   .   b - +0 animal skin
rPois   inf        Reflect  .   (no helmet)
rElec   +          Harm     .   (no cloak)
rCorr   .          Rampage  .   (no gloves)
Will    .....                   (no boots)
Stlth   +.........              (no amulet)
HPRegen 0.07/turn               (no ring)
MPRegen 0.08/turn               (no ring)

@: no status effects
A: sickness immunity, AC +3, negative energy resistance 1, electricity
resistance, torment resistance 1, petrification resistance
a: Renounce Religion, Berserk


You were on level 4 of the Dungeon.
You worshipped Trog.
Trog was aware of your devotion.
You visited 1 branch of the dungeon, and saw 3 of its levels.

You collected 79 gold pieces.


Innate Abilities, Weirdness & Mutations

You are immune to sickness and miasma.
Your stone body is resilient. (AC +3)
You are immune to poison.
You resist negative energy. (rN+)
You are resistant to electric shocks. (rElec)
You are resistant to unholy torment.
You are immune to petrification.


   Skills:
 - Level 3.2 Fighting
 + Level 3.7 Axes
 - Level 2.1 Armour
 - Level 1.5 Dodging


You had 2 spell levels left.
You didn't know any spells.
Your spell library was empty.

Inventory:

Hand Weapons
 a - a +0 hand axe (weapon)
 c - a +0 club
Armour
 b - a +0 animal skin (worn)
Potions
 d - a potion of degeneration {unknown}
 e - a potion of cancellation {unknown}
 f - a potion of heal wounds {unknown}
 g - a potion of haste {unknown}

Dungeon Overview and Level Annotations

Branches:
Dungeon (4/15)             Temple (0/1) D:4

Altars:


Message History

You climb downwards.
A sourceless malevolence fills the Dungeon...
You fall into a shaft and drop 2 floors!
The shaft crumbles and collapses.
Sorry, I don't know how to get there.
Existing waypoints: (2) D:1 Assign waypoint to what number? (0-9, D - delete waypoint) Waypoint 1 assigned to D:4.
As you open the door, it creaks loudly!
Found a staircase to the Ecumenical Temple.
There is an open door here.
You open the door.
There is an open door here.
There is an open door here.
You open the door.
There is an open door here.
A wight comes into view. It is wielding a +0 battleaxe.
You closely miss the wight. The wight barely misses you.
You hit the wight.
The wight is lightly damaged.
The wight misses you.
You barely miss the wight.
The wight is lightly damaged.
The wight closely misses you.
You barely miss the wight.
The wight is lightly damaged.
The wight closely misses you.
You closely miss the wight.
The wight is lightly damaged.
The wight hits you with a +0 battleaxe!
You closely miss the wight.
The wight is lightly damaged.
The wight barely misses you.
You hit the wight but do no damage.
The wight is lightly damaged.
The wight hits you with a +0 battleaxe!
Ouch! That really hurt!
You die...

..## .....####
#..z.## #@.#
###'### #.....#
#.###.###
+.#>+.'.##
#.###.#..######
#.....#.......#
###'###.......#
#.............#


You could see a wight.

Vanquished Creatures
  A dart slug (D:1)
  2 ball pythons (D:1)
  2 bats (D:1)
  4 endoplasms (D:1)
  A goblin (D:1)
  2 hobgoblins (D:1)
  A quokka (D:1)
  2 frilled lizards (D:1)
  3 kobolds (D:1)
  3 rats (D:1)
21 creatures vanquished.

Notes
Turn   | Place    | Note
-------+----------+-------------------------------------------
     0 | D:1      | qw the Gargoyle Berserker began the quest for the Orb.
     0 | D:1      | Reached XP level 1. HP: 14/14 MP: 1/1
     0 | D:1      | 0 ||| qw: Version: 0.1-a-112-g44dc6cd
     0 | D:1      | 0 ||| qw: Game counter: 6799
     0 | D:1      | 0 ||| qw: Always use a shield: true
     0 | D:1      | 0 ||| qw: Do Orc after D:15 true
     0 | D:1      | 0 ||| qw: Do second Lair branch before Depths: true
     0 | D:1      | 0 ||| qw: Lair rune preference: random
     0 | D:1      | 0 ||| qw: Plans: Normal
     0 | D:1      | 0 ||| PLANNING D:1-11
    21 | D:1      | 21 ||| Stepping ~*~*~tactically~*~*~ (stealth).
    51 | D:1      | Reached skill level 3 in Axes
    68 | D:1      | 68 ||| INVOKING Berserk.
   296 | D:1      | Reached XP level 2. HP: 15/19 MP: 2/2
   539 | D:1      | 539 ||| Stepping ~*~*~tactically~*~*~ (stealth).
   589 | D:1      | 589 ||| Stepping ~*~*~tactically~*~*~ (stealth).
   599 | D:1      | 599 ||| INVOKING Berserk.
   898 | D:1      | 898 ||| Stepping ~*~*~tactically~*~*~ (hiding).
   901 | D:1      | 901 ||| Stepping ~*~*~tactically~*~*~ (hiding).
  1038 | D:1      | Reached XP level 3. HP: 23/23 MP: 3/3
  1254 | D:2      | You fall into a shaft and drop 2 floors!
  1258 | D:4      | Found a staircase to the Ecumenical Temple.
  1274 | D:4      | Noticed a wight
  1286 | D:4      | Slain by a wight

Levels and vault maps discovered:
D:1:      shiori_arrival_maze, layout_loops_cross
D:2:      layout_rooms, chequers_ecumenical_altar_simple_redux,
          kennysheep_generic_room_5
D:4:      layout_rooms, mainiacjoe_overflow_alcove_2,
          mainiacjoe_overflow_alcove_1, nemelex_xobeh_ov_fountains_minmay,
          minmay_temple_entry_glassed_door

Skill      XL: |  1 |
---------------+----+-----
Axes           | 3 |  3.7
Fighting       | |  3.2
Armour         | |  2.1
Dodging        | |  1.5

Action                   || total
-------------------------++-------
Melee: Hand axe          ||    64
Invok: Berserk           ||     2
Armor: Animal skin       ||    16
Dodge: Dodged            ||    36

Table legend:
 A = Non-vault XP
 B = Vault XP
 C = Vault XP percentage of total XP
 D = Non-vault monster count
 E = Vault monster count
 F = Vault count percentage of total count
                 A         B        C        D         E       F
            +---------+---------+-------+---------+---------+-------
      Total |      33 |       3 |   8.3 |      19 |       2 |   9.5
            +---------+---------+-------+---------+---------+-------
        D:1 |      33 |       3 |   8.3 |      19 |       2 |   9.5
            +---------+---------+-------+---------+---------+-------
